 Dungeon Crawl Stone Soup version 0.27.1-1-g398f81649c (webtiles) character file.

Game seed: 7896461291573037077

114982 AarnesTheHuman the Messiah (level 16, -3/151 HPs)
             Began as a Hill Orc Fighter on Sept 6, 2021.
             Was the Champion of Beogh.
             Slain by Donald (5 damage)
             ... on level 1 of the Spider Nest on Sept 7, 2021.
             The game lasted 02:25:45 (36291 turns).

AarnesTheHuman the Messiah (Hill Orc Fighter)      Turns: 36291, Time: 02:25:45

Health: -3/151     AC: 26    Str: 26    XL:     16   Next: 67%
Magic:  25/28      EV:  8    Int:  6    God:    Beogh [******]
Gold:   1544       SH: 19    Dex: 10    Spells: 15/15 levels left

rFire    + . .     SeeInvis +   a - +1 war axe (elec)
rCold    x . .     Faith    +   c - +5 kite shield
rNeg     + . .     Spirit   .   g - +5 plate armour {Will+}
rPois    +         Reflect  .   F - +2 hat {SInv}
rElec    +         Harm     .   Z - scarf {repulsion}
rCorr    .         Rampage  .   V - +0 pair of gloves
Will     +++..                  e - +0 pair of boots of Vexation {rN+ Will+}
Stlth    ..........             D - amulet of faith
HPRegen  0.35/turn              W - ring "Eciene" {Fire +Blink rElec Int-2 Slay+4}
MPRegen  0.21/turn              u - ring of poison resistance

@: studying Unarmed Combat, repel missiles
A: walk on water
a: Renounce Religion, Evoke Blink, Smiting, Recall Orcish Followers, Give Item
to Named Follower, Resurrection


You were on level 1 of the Spider Nest.
You worshipped Beogh.
Beogh was exalted by your worship.
You visited 5 branches of the dungeon, and saw 26 of its levels.
You also visited: Gauntlet and Volcano.

You collected 3004 gold pieces.
You spent 1460 gold pieces at shops.

Inventory:

Hand Weapons
 a - a +1 war axe of electrocution (weapon)
 b - a +3 hunting sling
Missiles
 d - 2 throwing nets
 j - 105 poisoned darts (quivered)
 s - 695 stones
 y - 158 sling bullets
Armour
 c - a +5 kite shield (worn)
 e - the +0 pair of boots of Vexation (worn) {rN+ Will+}
   (You bought it in a shop on level 2 of the Dungeon)

   rN:        It protects you from negative energy.
   Will:      It increases your willpower.
 g - a +5 plate armour of willpower (worn)
 B - a +1 plate armour of poison resistance
 F - a +2 hat of see invisible (worn)
 V - a +0 pair of gloves (worn)
 Z - a scarf of repulsion (worn)
Jewellery
 k - a ring of protection from cold
 q - a ring of protection from fire
 u - a ring of poison resistance (right hand)
 D - an amulet of faith (around neck)
 G - a +6 ring of strength
 J - a ring of positive energy
 P - a ring of resist corrosion
 W - the ring "Eciene" (left hand) {Fire +Blink rElec Int-2 Slay+4}
   (You took it off a minotaur in a Gauntlet)

   [ring of fire]

   It enhances your fire magic.
   Int:       It affects your intelligence (-2).
   Slay:      It affects your accuracy & damage with ranged weapons and melee
   (+4).
   rF:        It protects you from fire.
   rC:        It makes you vulnerable to cold.
   rElec:     It insulates you from electricity.
   +Blink:    It lets you blink.
Wands
 t - a wand of iceblast (21)
 C - a wand of digging (5)
 E - a wand of acid (24)
 K - a wand of flame (64)
 O - a wand of paralysis (8)
Scrolls
 h - 7 scrolls of fog
 o - 4 scrolls of magic mapping
 v - 10 scrolls of teleportation
 M - 3 scrolls of holy word
 U - a scroll of summoning
 X - a scroll of fear
Potions
 f - 3 potions of lignification
 i - 3 potions of haste
 l - 4 potions of curing
 m - a potion of magic
 n - 2 potions of brilliance
 z - 3 potions of flight
 A - 5 potions of attraction
 H - a potion of resistance
 L - a potion of ambrosia
 Q - a potion of invisibility
 R - a potion of heal wounds
 S - a potion of cancellation
 Y - a potion of might


   Skills:
 + Level 15.8 Fighting
 - Level 16.0 Axes
 + Level 14.6 Armour
 + Level 14.7 Shields
 + Level 16.3 Invocations


You had 15 spell levels left.
You didn't know any spells.
Your spell library contained the following spells:

 Spells                   Type           Power      Damage    Failure   Level
 Apportation              Tloc           0%         N/A       98%         1
 Beastly Appendage        Tmut           0%         N/A       98%         1
 Foxfire                  Conj/Fire      0%         2x1d4     98%         1
 Summon Small Mammal      Summ           0%         N/A       98%         1
 Corpse Rot               Necr/Air       N/A        N/A       99%         2
 Poisonous Vapours        Pois/Air       0%         N/A       99%         2
 Slow                     Hex            0%         N/A       99%         2
 Wereblood                Tmut           0%         N/A       99%         2
 Call Canine Familiar     Summ           0%         N/A       100%        3
 Confusing Touch          Hex            0%         N/A       100%        3
 Conjure Flame            Conj/Fire      0%         6-21      100%        3
 Dazzling Flash           Conj/Hex       0%         N/A       100%        3
 Ignite Poison            Fire/Tmut/Pois 0%         N/A       100%        3
 Inner Flame              Hex/Fire       0%         N/A       100%        3
 Spider Form              Tmut/Pois      0%         N/A       100%        3
 Stone Arrow              Conj/Erth      0%         3d7       100%        3
 Summon Guardian Golem    Hex/Summ       0%         N/A       100%        3
 Vampiric Draining        Necr           0%         2d6       100%        3
 Animate Armour           Summ/Erth      0%         N/A       100%        4
 Fulminant Prism          Conj/Hex       0%         3d6       100%        4
 Iskenderun's Mystic Bla  Conj/Tloc      0%         2d3       100%        4
 Leda's Liquefaction      Hex/Erth       0%         N/A       100%        4
 Sticky Flame             Conj/Fire      0%         2d3       100%        4
 Alistair's Intoxication  Tmut/Pois      0%         N/A       100%        5
 Bolt of Magma            Conj/Fire/Erth 0%         4d4       100%        5
 Freezing Cloud           Conj/Ice/Air   0%         6-21      100%        5
 Lee's Rapid Deconstruct  Erth           0%         3d5*      100%        5
 Invisibility             Hex            0%         N/A       100%        6
 Starburst                Conj/Fire      0%         6d3       100%        6
 Statue Form              Tmut/Erth      0%         N/A       100%        6
 Lehudib's Crystal Spear  Conj/Erth      0%         10d2      100%        8
 Chain Lightning          Conj/Air       0%         N/A       100%        9
 Fire Storm               Conj/Fire      0%         5d1       100%        9


Dungeon Overview and Level Annotations

Branches:
Dungeon (15/15)            Temple (1/1) D:6            Lair (6/6) D:10
  Swamp (0/4) Lair:4       Spider (2/4) Lair:2        Slime (0/5) Lair:5
    Orc (2/2) D:9             Elf (0/3) Orc:2        Vaults (0/5) D:13
 Depths (0/5) D:15        Volcano (visited)         Gauntlet (visited)

Altars:
Ashenzari
Cheibriados
Elyvilon
Fedhas
Gozag
Hepliaklqana
Kikubaaqudgha
Makhleb
Nemelex Xobeh
Okawaru
Qazlal
Ru
Sif Muna
Trog
Uskayaw
Vehumet
Wu Jian
Xom
Yredelemnul
Zin
The Shining One
Beogh
Jiyva
Lugonu

Shops:
D:2 [!   D:3 [   D:8 ?   D:9 [   D:15 !   Orc:1 =   Orc:2 ((*?

Portals:
Abyss: Lair:6

Annotations:
Lair:2 3 runed translucent doors, exclusion: 3 doors, larifari's ghost, journeyman TrDe
Lair:3 3 runed translucent doors, exclusion: 3 doors, makewrite's ghost, journeyman MiGl
Lair:4 2 exclusions
Spider:1 Donald


Message History

Unknown command.
You are too confused!
Unknown command.
Unknown command.
You feel much better.
Orbeogh no longer looks unusually strong.
The wolf spider closely misses you.
The wolf spider bites you but does no damage.
Donald barely misses you.
The tarantella bites you but does no damage. x2
The wolf spider hits you!
* * * LOW HITPOINT WARNING * * *
The wolf spider bites you but does no damage.
The demonic crawler barely misses you.
The demonic crawler hits you but does no damage. x2
The tarantella barely misses you.
Donald says, "Do you like preaching on mountaintops?"
Donald hits you with a +0 scimitar!
* * * LOW HITPOINT WARNING * * *
Donald blocks Orbeogh's attack.
You feel much better.
You feel less confused. You block the tarantella's attack.
You block the wolf spider's attack. The wolf spider bites you.
* * * LOW HITPOINT WARNING * * *
The demonic crawler barely misses you.
The demonic crawler hits you but does no damage. x2
Donald hits you with a +0 scimitar!
* * * LOW HITPOINT WARNING * * *
You block the tarantella's attack.
The tarantella bites you but does no damage.
Donald blocks Orbeogh's attack.
As you read the scroll of fear, it crumbles to dust.
You assume a fearsome visage.
The demonic crawler is unaffected.
The wolf spider looks frightened!
Donald resists with almost no effort.
The tarantella resists with some effort.
The tarantella looks frightened!
Donald says, "Dancing spiders?
With no cane or a top hat?"
Donald hits you with a +0 scimitar.
You die...

#### ##..## ### #....#####.## ###
######### ### #...oo##oo.## ..#
##.....^.####.# ###..ooo##o.. .##
#..........oss## ####.###.o. .#
#.........s.@s.######### ###.
.####...........@#.#.......# ##.
#o##^............##........# ##.#
##.o#............##........# #...
#..o#......................# #o..
....ooooo........#.........###o..
...##..........###...........#...
...###^........# ##o........#....
...###........####.#........#....


You could see Donald (fast, strong, ally target), a demonic crawler, a wolf
spider (fleeing), 2 tarantellas and the friendly Orbeogh the orc knight.

Vanquished Creatures
  Gastronok (D:9)
  2 ghost moths (Spider:1)
  A stone giant (D:15)
  Azrael (D:14)
  A minotaur (Gauntlet)
  A fire dragon (D:15)
  A yaktaur captain (D:13)
  Josephine (Orc:2)
  4 boulder beetles
  2 hydras (Lair:2)
  An ogre mage (D:15)
  9 two-headed ogres
  3 centaur warriors
  A catoblepas (Lair:6)
  10 death yaks
  3 tengu warriors
  3 thrashing horrors (Lair:6)
  Nergalle (Lair:1)
  A skeletal warrior (D:12)
  A death drake (Gauntlet)
  3 orc knights (Orc:2)
  A lindwurm (shapeshifter) (Lair:6)
  7 wolf spiders
  5 ugly things
  A wolf spider zombie (Gauntlet)
  A cyclops (D:13)
  3 orb spiders
  2 spectral centaurs (Gauntlet)
  An oklob plant (Gauntlet)
  A worldbinder (Gauntlet)
  A centaur zombie (D:11)
  3 manticores
  2 elephants
  Maurice (D:11)
  3 black mambas
  An eye of devastation (shapeshifter) (D:13)
  5 kobold demonologists
  A rime drake (Lair:5)
  10 cane toads
  An unseen horror (D:12)
  8 komodo dragons
  2 ancient zymes (Lair:6)
  A tengu conjurer (D:11)
  A demonic crawler (Spider:2)
  5 trolls
  4 jumping spiders
  3 hornets
  12 dream sheep
  2 large abominations (Lair:6)
  6 slime creatures
  13 blink frogs
  2 spriggans
  A tarantella (shapeshifter) (D:13)
  A shadow (D:11)
  2 ynoxinuls (Lair:6)
  11 redbacks
  10 tarantellas
  A vampire (D:13)
  9 small abominations (Lair:6)
  6 wraiths
  53 yaks
  2 fire elementals (D:14)
  2 fire bats (Volcano)
  5 basilisks (Lair:6)
  A chaos spawn (Lair:6)
  A swamp worm (shapeshifter) (Lair:6)
  6 wargs
  16 water moccasins
  A spectral hornet (Gauntlet)
  2 acid dragons
  An ice beast (D:7)
  8 orc warriors
  A hornet zombie (D:8)
  4 black bears (D:10)
  6 boggarts
  A necrophage (D:6)
  9 ogres
  3 centaurs
  A phantom (D:7)
  3 kobold brigands
  8 bullfrogs
  4 scorpions
  A gnoll sergeant (D:12)
  A wyvern zombie (D:7)
  8 wights
  5 killer bees (D:9)
  5 howler monkeys
  7 lava snakes (Volcano)
  9 orc priests
  2 bullfrog skeletons
  Natasha (thrice) (D:2)
  8 orc wizards
  3 hell rats (Lair:6)
  2 hound skeletons
  A howler monkey zombie (D:10)
  Robin (D:4)
  7 gnolls
  2 adders
  2 shadow imps
  An ufetubus (D:5)
  An adder skeleton (D:4)
  3 dart slugs
  23 orcs
  6 endoplasms
  4 giant cockroaches
  17 goblins
  10 hobgoblins
  26 kobolds
  8 quokkas
  5 ball pythons
  10 bats
  4 frilled lizards
  2 rats
526 creatures vanquished.

Vanquished Creatures (collateral kills)
  Agnes (D:15)
  Louise (D:15)
  3 emperor scorpions
  A boulder beetle (Spider:2)
  8 hydras
  2 centaur warriors
  2 two-headed ogres
  2 death yaks
  A death knight (D:15)
  A fire crab (D:15)
  3 orb spiders
  8 ugly things
  10 wolf spiders
  6 elephants
  A moth of wrath (Spider:1)
  3 cyclopes (D:15)
  7 black mambas
  2 torpor snails
  4 cane toads
  2 komodo dragons
  5 demonic crawlers
  14 jumping spiders
  A polar bear (Lair:5)
  2 blink frogs (shapeshifter)
  A tyrant leech (Lair:4)
  8 dream sheep
  12 blink frogs
  14 redbacks
  8 tarantellas
  6 yaks
  2 fire elementals (D:14)
  3 fire bats (Lair:3)
  3 basilisks
  2 wyverns
  A chaos spawn (Lair:6)
  4 wargs
  5 water moccasins
  A hell hound (D:14)
  4 orc warriors
  A boggart (D:15)
  A centaur (D:10)
  A bullfrog (Lair:4)
  A kobold brigand (D:11)
  An orc priest (D:12)
  3 orc wizards
  A hell rat (Lair:6)
  2 small abominations (Lair:6)
  7 orcs
182 creatures vanquished.

Vanquished Creatures (others)
  2 orc sorcerers
  2 orc knights
  4 orc priests
  2 orc wizards
  7 orc warriors
  15 orcs
  A goblin (D:3)
  60 fungi
  101 plants
  A withered plant (D:9)
195 creatures vanquished.

Grand Total: 903 creatures vanquished

Notes
Turn   | Place    | Note
-------+----------+-------------------------------------------
     0 | D:1      | AarnesTheHuman the Hill Orc Fighter began the quest for the
                  | Orb.
     0 | D:1      | Reached XP level 1. HP: 19/19 MP: 1/1
   216 | D:1      | Reached XP level 2. HP: 25/27 MP: 2/2
   483 | D:1      | Reached XP level 3. HP: 33/33 MP: 3/3
   891 | D:2      | Found a faded altar of an unknown god.
  1007 | D:2      | Found Waos Sah's Armour Shoppe.
  1265 | D:2      | Found Demengia's Distillery.
  1267 | D:2      | Noticed Natasha
  1278 | D:2      | Killed Natasha
  1279 | D:2      | Reached XP level 4. HP: 9/40 MP: 4/4
  1626 | D:2      | Noticed Natasha
  1972 | D:3      | Found a burning altar of Makhleb.
  1972 | D:3      | Noticed an Executioner
  1975 | D:3      | Noticed a neqoxec
  1975 | D:3      | Noticed a ynoxinul
  2037 | D:3      | Reached XP level 5. HP: 33/47 MP: 5/5
  2178 | D:3      | Found a hazy altar of Hepliaklqana.
  2474 | D:3      | Became a worshipper of Beogh the Brigand
  2493 | D:3      | Found Duhat's Antique Armour Shop.
  2869 | D:4      | Noticed Robin
  3155 | D:4      | Killed Robin
  3392 | D:4      | Found a white marble altar of Elyvilon.
  3492 | D:4      | Noticed an ogre
  3632 | D:4      | Reached skill level 5 in Fighting
  3632 | D:4      | Reached skill level 1 in Invocations
  3632 | D:4      | Reached XP level 6. HP: 44/56 MP: 6/6
  3763 | D:4      | Reached * piety under Beogh
  4097 | D:5      | Entered Level 5 of the Dungeon
  4098 | D:5      | Identified a scroll of acquirement
  4231 | D:2      | Acquired 709 gold pieces
  4233 | D:2      | Bought the +0 pair of boots of Vexation {rN+ Will+} for 298
                  | gold pieces
  4281 | D:3      | Bought a shiny plate armour for 442 gold pieces
  4467 | D:5      | Reached skill level 5 in Axes
  4982 | D:5      | Reached XP level 7. HP: 61/61 MP: 8/8
  5202 | D:6      | Reached skill level 5 in Shields
  5271 | D:6      | Reached skill level 5 in Armour
  5566 | D:2      | Killed Natasha
  5592 | D:2      | Noticed Natasha
  5599 | D:2      | Killed Natasha
  6396 | D:6      | Reached XP level 8. HP: 70/70 MP: 10/10
  6403 | D:6      | Found a staircase to the Ecumenical Temple.
  6413 | Temple   | Entered the Ecumenical Temple
  6616 | D:6      | Found a glowing silver altar of Zin.
  6876 | D:6      | Noticed a gargoyle
  7332 | D:7      | Noticed a spriggan hatter
  7341 | D:7      | Killed a spriggan hatter
  7589 | D:7      | Noticed a hornet
  7882 | D:8      | Reached skill level 5 in Invocations
  7882 | D:8      | Reached XP level 9. HP: 76/78 MP: 12/12
  8058 | D:7      | Paralysed by a hornet for 1 turns
  8066 | D:7      | Paralysed by a hornet for 2 turns
  8068 | D:7      | Killed a hornet
  8664 | D:8      | Reached ** piety under Beogh
  8797 | D:8      | Found Wemahec's Magic Scroll Boutique.
  9103 | D:8      | Found a bloodstained altar of Trog.
  9129 | D:8      | Found an iron altar of Okawaru.
  9129 | D:8      | Found a hide-covered altar of Uskayaw.
  9382 | D:9      | Found a staircase to the Orcish Mines.
  9410 | D:9      | Reached skill level 10 in Axes
  9550 | D:9      | Found a roughly hewn altar of Beogh.
  9595 | D:9      | Found an ancient bone altar of Kikubaaqudgha.
  9595 | D:9      | Found a blossoming altar of Fedhas.
  9630 | D:9      | Noticed a purple ugly thing
  9633 | D:9      | Noticed Gastronok
  9647 | D:9      | Killed a purple ugly thing
  9648 | D:9      | Reached XP level 10. HP: 52/88 MP: 13/15
  9898 | D:9      | Found Qitadeoch's Antique Armour Emporium.
 10092 | D:9      | Killed Gastronok
 10343 | D:10     | Entered Level 10 of the Dungeon
 10522 | D:10     | Reached *** piety under Beogh
 10740 | D:10     | Noticed a two-headed ogre
 10766 | D:10     | Killed a two-headed ogre
 10767 | D:10     | Reached XP level 11. HP: 41/97 MP: 17/17
 11053 | D:10     | Found a staircase to the Lair.
 11117 | D:10     | Noticed a two-headed ogre
 11125 | D:10     | Killed a two-headed ogre
 11557 | D:11     | Noticed a centaur warrior
 11570 | D:11     | Killed a centaur warrior
 11748 | D:11     | Noticed a centaur warrior
 11759 | D:11     | Killed a centaur warrior
 11835 | D:11     | Reached **** piety under Beogh
 11837 | D:11     | Reached skill level 10 in Fighting
 11850 | D:11     | Gained Ugbert as an ally
 11978 | D:11     | Noticed a boulder beetle
 11994 | D:11     | Killed a boulder beetle
 11995 | D:11     | Reached XP level 12. HP: 62/106 MP: 19/19
 12311 | D:11     | Noticed a two-headed ogre
 12313 | D:11     | Identified the amulet "Zuvit" {Acrobat +Inv Will+}
 12313 | D:11     | Noticed Maurice
 12327 | D:11     | Your ally Ugbert died
 12338 | D:11     | Killed Maurice
 12342 | D:11     | Killed a two-headed ogre
 12814 | D:12     | Noticed a boulder beetle
 12833 | D:11     | Killed a boulder beetle
 12834 | D:11     | Reached skill level 10 in Invocations
 14313 | D:12     | Noticed a boulder beetle
 14342 | D:12     | Killed a boulder beetle
 14343 | D:12     | Reached skill level 10 in Shields
 15243 | Lair:1   | Entered Level 1 of the Lair of Beasts
 15310 | Lair:1   | Reached skill level 10 in Armour
 15313 | Lair:1   | Gained Bogrim as an ally
 15640 | Lair:1   | Reached skill level 15 in Axes
 15786 | Lair:1   | Noticed Nergalle
 15806 | Lair:1   | Killed Nergalle
 16731 | Lair:2   | Reached XP level 13. HP: 116/116 MP: 21/21
 18075 | Lair:2   | Found a hole to the Spider Nest.
 18235 | Lair:2   | Found a runed translucent gate.
 18235 | Lair:2   | Found a runed translucent gate.
 18235 | Lair:2   | Found a runed translucent gate.
 18236 | Lair:2   | Noticed larifari's ghost (journeyman TrDe)
 18572 | Lair:3   | Found a dark tunnel.
 18583 | Volcano  | Entered a volcano
 18647 | Volcano  | Reached ***** piety under Beogh
 19631 | Lair:3   | Your ally Bogrim died
 20319 | Lair:3   | Found a runed translucent gate.
 20343 | Lair:3   | Found a runed translucent gate.
 20345 | Lair:3   | Found a runed translucent gate.
 20409 | Lair:3   | Noticed makewrite's ghost (journeyman MiGl)
 20989 | Lair:4   | Found a gate leading to a gauntlet.
 20998 | Gauntlet | Entered a Gauntlet
 20998 | Gauntlet | Found a transporter.
 20998 | Gauntlet | Found a transporter.
 21068 | Gauntlet | Found a transporter.
 21077 | Gauntlet | Found a transporter.
 21098 | Gauntlet | Found a transporter.
 21105 | Gauntlet | Found a transporter.
 21107 | Gauntlet | Found a transporter.
 21107 | Gauntlet | Found a transporter.
 21111 | Gauntlet | Found a transporter.
 21145 | Gauntlet | Found a transporter.
 21156 | Gauntlet | Found a transporter.
 21163 | Gauntlet | Found a transporter.
 21208 | Gauntlet | Found a transporter.
 21222 | Gauntlet | Found a transporter.
 21246 | Gauntlet | Noticed an ice dragon
 21246 | Gauntlet | an ice dragon changed into an alligator
 21322 | Gauntlet | Found a transporter.
 21336 | Gauntlet | Found a transporter.
 21777 | Gauntlet | Identified the +1 hat of Zuwah {rN+ Will+ MP-9 Int+5}
 21801 | Gauntlet | Identified the -7 cloak of Gravitas {Harm Str+5 Slay+4}
 22100 | Gauntlet | Identified the +9 glaive of Qabb {freeze, +Rage rF+ Str-5}
 22100 | Gauntlet | Identified the +8 fire dragon scales "Jytierike" {rElec
                  | rPois rF++ rC- Int+4}
 22100 | Gauntlet | Identified the ring "Eciene" {Fire +Blink rElec Int-2
                  | Slay+4}
 22100 | Gauntlet | Noticed a minotaur
 22128 | Gauntlet | Killed a minotaur
 22564 | Lair:4   | Gained Brunolf as an ally
 22698 | Lair:4   | Found a staircase to the Swamp.
 22706 | Lair:4   | Gained Ugrim as an ally
 22853 | Lair:4   | You fall into a shaft and drop 2 floors!
 22853 | Lair:6   | Entered Level 6 of the Lair of Beasts
 22862 | Lair:6   | Reached XP level 14. HP: 115/127 MP: 21/23
 22942 | Lair:5   | Your ally Ugrim died
 23945 | Lair:5   | Identified the +6 scale mail of Hubris {Will+ Str+4 Int-2
                  | Dex+3}
 24168 | Lair:5   | Found a viscous altar of Jiyva.
 24168 | Lair:5   | Found a staircase to the Slime Pits.
 24320 | Lair:5   | Reached ****** piety under Beogh
 25380 | Lair:6   | Reached XP level 15. HP: 136/137 MP: 25/25
 26553 | Lair:6   | Gained Zartorak as an ally
 26573 | Lair:6   | Found a corrupted altar of Lugonu.
 26573 | Lair:6   | Found a one-way gate to the infinite horrors of the Abyss.
 27055 | Orc:1    | Entered Level 1 of the Orcish Mines
 27409 | Orc:1    | Found Tatoosar's Jewellery Boutique.
 27530 | Orc:2    | Entered Level 2 of the Orcish Mines
 27615 | Orc:2    | Gained Orbeogh as an ally
 27753 | Orc:2    | Found Mileth's Assorted Antiques.
 27811 | Orc:2    | Found Baofeuh's Magic Scroll Shop.
 27914 | Orc:2    | Noticed Josephine
 27927 | Orc:2    | Killed Josephine
 28012 | Orc:2    | Found a staircase to the Elven Halls.
 28114 | Orc:2    | Found Tiji's Weapon Emporium.
 28166 | Orc:2    | Found a roughly hewn altar of Beogh.
 28230 | Orc:2    | Found Efruroma's Antique Weapon Shop.
 28561 | Orc:1    | Bought a ring of protection from cold for 400 gold pieces
 29237 | D:13     | Gained Norbak as an ally
 29341 | D:13     | Identified the +0 pair of boots "Cer Rigg" {rPois rC+++
                  | Slay-4 SInv}
 29344 | D:13     | Found a gate to the Vaults.
 30577 | Orc:1    | Bought a ring of poison resistance for 320 gold pieces
 30917 | D:14     | Reached skill level 15 in Invocations
 30969 | D:14     | Noticed Azrael
 30984 | D:14     | Killed Azrael
 31076 | D:14     | Acquired 393 gold pieces
 31077 | D:14     | Acquired a scarf of shadows
 31797 | D:15     | Entered Level 15 of the Dungeon
 31890 | D:15     | Noticed Agnes
 31894 | D:15     | Killed Agnes
 32348 | D:15     | Noticed Louise
 32357 | D:15     | Killed Louise
 32435 | D:15     | Found Jucwa's Distillery.
 32775 | D:15     | Found a staircase to the Depths.
 32778 | D:15     | Reached skill level 15 in Fighting
 32793 | D:15     | Reached XP level 16. HP: 135/149 MP: 27/27
 33454 | Spider:1 | Entered Level 1 of the Spider Nest
 35934 | Spider:2 | Found a roughly hewn altar of Beogh.
 36135 | Spider:2 | Identified the +0 ring mail "Jeupooll" {rCorr}
 36268 | Spider:2 | Noticed Donald
 36288 | Spider:1 | HP: 6/151 [tarantella (7)]
 36289 | Spider:1 | HP: 2/151 [Donald (15)]
 36291 | Spider:1 | Slain by Donald

Illustrated notes

Levels and vault maps discovered:
D:1:      elethiomel_arrival_maze, layout_basic, st_stairs_9
D:2:      layout_rooms, serial_shops, shop_fountains, shop,
          shapermc_ecumenical_altar_venn, minmay_small_reverse_x, uniq_natasha
D:3:      layout_loops_ring, old_standard_altar, makhleb_altar_promises_db,
          serial_shops, shop
D:4:      layout_basic, elyvilon_altar_3, uniq_robin
D:5:      layout_rooms
D:6:      layout_rooms, mainiacjoe_overflow_catwalk,
          minmay_temple_entry_glassed_door, grunt_tough_drop,
          uniq_crazy_yiuf_cottage
D:7:      layout_gridville, serial_bayou_pond_e, the_hattery
D:8:      layout_rooms, trog_hazing_becter, gammafunk_temple_overflow_wave,
          serial_shops, shop_statue
D:9:      layout_roguey, grunt_temple_overflow_growth_and_decay,
          minmay_orc_entry_temple_small, serial_shops, shop, uniq_gastronok
D:10:     layout_roguey, nicolae_overflow_hidden_temple,
          due_lair_maze_entry_diamond
D:11:     layout_loops_cross, hex_tiny, uniq_maurice
D:12:     layout_cave_pools, nicolae_zen_rock_garden, kb_rosetta
D:13:     layout_long_grid, david_vaults_2, kennysheep_just_a_vault
D:14:     layout_basic, chequers_serial_rivers_large_b, uniq_azrael
D:15:     grunt_enter_depths_snipers, layout_long_grid, serial_shops, shop,
          chequers_decorated_corner, uniq_louise, uniq_agnes
Temple:   minmay_temple_bridge_abc
Lair:1:   layout_cave_pods, grunt_megastairs_3, uniq_nergalle
Lair:2:   layout_cave_shapes, spider_nest_entry_webs, gammafunk_ghost_hydra_chop
Lair:3:   layout_cave_pods, nicolae_volcano_entry_batcave, gammafunk_ghost_icy,
          grunt_megastairs_5
Lair:4:   beast_lair_carwin_large_2, layout_loops_ring,
          palyth_hydra_swamp_entry, gauntlet_entry_generic,
          chequers_serial_rivers_large_a
Lair:5:   layout_hall_layers, slime_altar_1, grunt_megastairs_4
Lair:6:   hellmonk_lair_end_abyssal_woods, layout_long_grid, grunt_megastairs_1
Spider:1: layout_chambers, hangedman_spider_mandibles
Spider:2: nicolae_spider_mines_2, ebering_ghost_inner_flame,
          nicolae_spider_eight_legs, uniq_donald
Orc:1:    layout_caves, serial_shops, nicolae_shop_waterfront
Orc:2:    st_orc_town, layout_caves, uniq_josephine

Skill      XL: |  1  2  3  4  5  6  7  8  9 10 11 12 13 14 15 16 |
---------------+-------------------------------------------------+-----
Axes           | 3 4 5 6 8 10 12 13 15 16 | 16.0
Fighting       | 4 5 6 8 9 10 11 12 13 15 | 15.8
Shields        | 4 5 6 7 8 9 10 11 12 14 | 14.7
Armour         | 4 5 6 7 8 9 10 11 12 13 14 | 14.6
Invocations    | 1 2 3 5 6 8 9 10 12 14 15 16 | 16.3

Action                   |  1- 3 |  4- 6 |  7- 9 | 10-12 | 13-15 | 16-18 || total
-------------------------+-------+-------+-------+-------+-------+-------++-------
Melee: War axe           |   117 |   203 |   212 |   414 |   752 |   192 ||  1890
 Fire: Hunting sling     |       |       |    12 |     7 |    92 |     2 ||   113
Throw: Dart              |       |     6 |     7 |       |       |       ||    13
Invok: Convert to Beogh  |       |     1 |       |       |       |       ||     1
       Smiting           |       |       |       |     3 |    13 |     1 ||    17
       Recall Orcish Fol |       |       |       |     2 |     6 |     1 ||     9
       Give Item to Name |       |       |       |       |     3 |     1 ||     4
       Stop Recall       |       |       |       |       |     1 |       ||     1
Evoke: Wand              |       |       |     1 |    10 |     3 |       ||    14
  Use: Potion            |     1 |       |       |     1 |     3 |     2 ||     7
       Scroll            |       |    11 |    10 |     7 |    10 |     1 ||    39
 Stab: Confused          |       |       |       |     1 |       |       ||     1
       Distracted        |       |       |       |     1 |     6 |     8 ||    15
       Invisible         |       |       |       |       |     4 |       ||     4
       Paralysed         |       |       |       |       |     2 |       ||     2
       Petrified         |       |       |       |       |     2 |       ||     2
       Petrifying        |       |       |       |       |     1 |       ||     1
Armor: Scale mail        |    75 |    57 |       |       |       |       ||   132
       Plate armour      |       |    22 |   106 |   181 |   305 |   155 ||   769
Dodge: Dodged            |    55 |    52 |    38 |    82 |   124 |    63 ||   414
Block: Kite shield       |    90 |   116 |   108 |   237 |   540 |   239 ||  1330
